 Dungeon Crawl Stone Soup version 0.31-a0-217-g58bb5d79cf (webtiles) character file.

Game seed: 13275427502194390118

46515 rocky1 the Geomancer (level 13, -11/86 HPs)
             Began as a Demigod Earth Elementalist on July 3, 2023.
             Mangled by a komodo dragon (25 damage)
             ... on level 4 of the Lair of Beasts.
             The game lasted 01:24:10 (26987 turns).

rocky1 the Geomancer (Demigod Earth Elementalist)  Turns: 26987, Time: 01:24:11

Health: -11/86     AC: 14    Str:  6    XL:     13   Next: 67%
Magic:  2/31       EV: 12    Int: 33    God:
Gold:   885        SH:  0    Dex: 17    Spells: 18/31 levels left

rFire   . . .        G - +7 Throatcutter {drain, coup de grace}
rCold   . . .        (no shield)
rNeg    . . .        k - +0 robe {Will+}
rPois   +            l - +1 helmet
rElec   +            C - +1 cloak {rPois}
rCorr   .            N - +0 pair of gloves
SInv    .            X - +2 pair of boots {Fly}
Will    ++...        V - amulet of Dinesche {rElec Regen+ Str-3 Dex+3}
Stlth   ++           M - +4 ring of protection
HPRegen 1.14/turn    H - ring of wizardry
MPRegen 0.22/turn

%: wizardry (x1)
@: flying, studying Armour, invisible
A: high MP 1, forlorn, divine attributes
a: no special abilities


You were on level 4 of the Lair of Beasts.
You visited 3 branches of the dungeon, and saw 17 of its levels.
You also visited: Bailey.

You collected 1577 gold pieces.
You spent 692 gold pieces at shops.

Inventory:

Hand Weapons
 G - the +7 Throatcutter (weapon) {drain, coup de grace}
   (You found it on level 6 of the Dungeon)
Missiles
 f - 4 javelins
 U - 5 throwing nets
Armour
 k - a +0 robe of willpower (worn)
 l - a +1 helmet (worn)
 y - a +0 troll leather armour
 C - a +1 cloak of poison resistance (worn)
 E - +0 acid dragon scales
 I - a +1 robe of positive energy
 N - a +0 pair of gloves (worn)
 X - a +2 pair of boots of flying (worn)
Magical Staves
 c - a staff of death
 r - a staff of conjuration
 A - a staff of poison
Jewellery
 H - a ring of wizardry (right hand)
 M - a +4 ring of protection (left hand)
 V - the amulet of Dinesche (around neck) {rElec Regen+ Str-3 Dex+3}
   (You found it on level 11 of the Dungeon)

   [amulet of regeneration]

   Str:       It affects your strength (-3).
   Dex:       It affects your dexterity (+3).
   rElec:     It insulates you from electricity.
   Regen:     It increases your rate of health regeneration.
Wands
 d - a wand of digging (7)
 s - a wand of acid (15)
 D - a wand of charming (12)
 J - a wand of flame (46)
 P - a wand of roots (4)
 R - a wand of mindburst (4)
Scrolls
 a - 2 scrolls of torment
 g - a scroll of silence
 j - 2 scrolls of fog
 p - 2 scrolls of summoning
 u - 5 scrolls of revelation
 x - a scroll of brand weapon
 K - 4 scrolls of enchant weapon
 O - a scroll of immolation
 S - 2 scrolls of teleportation
 Y - 4 scrolls of vulnerability
Potions
 b - 4 potions of magic
 m - 6 potions of enlightenment
 n - 4 potions of mutation
 o - 5 potions of curing
 q - a potion of resistance
 v - 4 potions of attraction
 w - 3 potions of lignification
 z - a potion of haste
 Q - a potion of invisibility
Miscellaneous
 T - a phial of floods
 W - a sack of spiders


   Skills:
 - Level 1.7 Dodging
 - Level 1.7 Stealth
 + Level 9.7 Spellcasting
 * Level 10.1 Conjurations
 - Level 0.8 Transmutations
 + Level 10.1 Fire Magic
 + Level 8.7 Ice Magic
 * Level 12.3 Earth Magic


You had 18 spell levels left.
You knew the following spells:

 Your Spells              Type           Power      Damage    Failure   Level
a - Sandblast             Erth           100%       2d20      0%          1
b - Stone Arrow           Conj/Erth      100%       3d13      1%          3
c - Frozen Ramparts       Ice            100%       1d16      1%          3
d - Leda's Unmaking       Conj/Erth      37%        9d6       1%          6

Your spell library contained the following spells:

 Spells                   Type           Power      Damage    Failure   Level
 Foxfire                  Conj/Fire      100%       2x1d9     1%          1
 Kiss of Death            Conj/Necr      100%       2d13      1%          1
 Necrotise                Necr           64%        1d7       1%          1
 Ensorcelled Hibernation  Hex/Ice        88%        N/A       1%          2
 Lesser Beckoning         Tloc           32%        N/A       1%          2
 Passwall                 Tmut/Erth      46%        N/A       1%          2
 Searing Ray              Conj           100%       2d8       1%          2
 Static Discharge         Conj/Air       98%        2-7/arc   1%          2
 Sublimation of Blood     Necr           16%        N/A       1%          2
 Dazzling Flash           Conj/Hex       98%        N/A       1%          3
 Hailstorm                Conj/Ice       68%        3d14      1%          3
 Inner Flame              Hex/Fire       49%        N/A       1%          3
 Mephitic Cloud           Conj/Pois/Air  38%        N/A       1%          3
 Ozocubu's Armour         Ice            65%        N/A       1%          3
 Volatile Blastmotes      Fire/Tloc      98%        2d18      1%          3
 Ice Form                 Ice/Tmut       47%        N/A       1%          4
 Iskenderun's Mystic Bla  Conj/Tloc      49%        2d11      1%          4
 Petrify                  Tmut/Erth      56%        N/A       1%          4
 Summon Ice Beast         Ice/Summ       44%        N/A       1%          4
 Iskenderun's Battlesphe  Conj           70%        2d12      1%          5
 Starburst                Conj/Fire      35%        6d10      2%          6
 Gell's Gravitas          Tloc           16%        N/A       3%          3
 Spider Form              Tmut/Pois      18%        N/A       3%          3
 Teleport Other           Tloc           16%        N/A       3%          3
 Vampiric Draining        Necr           16%        2d7       3%          3
 Irradiate                Conj/Tmut      25%        3d20      3%          5
 Metabolic Englaciation   Hex/Ice        22%        N/A       6%          5
 Airstrike                Air            8%         2d(2-18)  12%         4
 Anguish                  Hex/Necr       8%         N/A       12%         4
 Olgreb's Toxic Radiance  Pois           16%        N/A       12%         4
 Summon Lightning Spire   Summ/Air       16%        N/A       12%         4
 Yara's Violent Unravell  Hex/Tmut       9%         3d6       26%         5
 Ozocubu's Refrigeration  Ice            32%        4d14      26%         7
 Simulacrum               Ice/Necr       22%        N/A       28%         6
 Agony                    Necr           16%        N/A       32%         5
 Spellforged Servitor     Conj/Summ      24%        N/A       73%         7
 Ignition                 Fire           35%        3d11      73%         8
 Enfeeble                 Hex            8%         N/A       100%        7
 Discord                  Hex            8%         N/A       100%        8
 Polar Vortex             Ice            32%        N/A       100%        9


Dungeon Overview and Level Annotations

Branches:
Dungeon (12/15)            Temple (0/1) D:4            Lair (4/5) D:8
 Shoals (0/4) Lair:2       Spider (0/4) Lair:2          Orc (1/2) D:12
 Bailey (visited)
  Slime: Lair:4-5

Shops:
D:1 :==[   D:5 !   D:8 !(=[(   D:12 [

Annotations:
D:7 3 runed translucent doors, AwFulAwFulPlayer's ghost, novice TrMo
Orc:1 Jorgrun


Innate Abilities, Weirdness & Mutations

You have an increased reservoir of magic. (+10% MP)
You shall have no god before yourself.
Your divine heritage dramatically boosts your attributes as you level up.


Message History

Press: ? - help, Dir - look around, f - activate The walls around you are covered in ice.
The wall freezes the elephant!
The elephant tramples you but does no damage.
The elephant trunk-slaps you but does no damage.
Unknown command.
You feel better.
The wall freezes the elephant!
The elephant tramples you!
You hold your ground!
The elephant barely misses you.
Unknown command.
You slash the elephant!
You behead the elephant!
You kill the elephant!
The komodo dragon hisses menacingly.
The frozen ramparts melt away as you move.
The komodo dragon bites you but does no damage.
Things that are here:
an elephant corpse; an elephant corpse What are your orders? t - Shout!
Orders for allies: a - Attack new target. r - Retreat! s - Stop attacking. g - Guard the area. f - Follow me.
Anything else - Cancel.
Okay, then.
You barely miss the komodo dragon. The komodo dragon bites you!!
* * * LOW HITPOINT WARNING * * *
You hear a trumpeting!
Unknown command.
You fade into invisibility!
You hear an angry hiss.
You hear a loud, deep croak!
You hear an angry growl.
The komodo dragon closely misses you.
Unknown command.
You barely miss the komodo dragon.
An elephant comes into view.
The komodo dragon bites you but does no damage.
The komodo dragon bites you!
* * * LOW HITPOINT WARNING * * *
You feel better. The elephant barely misses you.
The elephant trunk-slaps you but does no damage.
The komodo dragon bites you!!
You die...

#.... #.....?
#........
###........#
....../...#
#####........#
#.#l........#
##@=...$...#
###Y.......##
#.........##
.l.......<..#
...........P.#
.........P.###
..........##
.......P###
......#


You could see an elephant (unable to see you) and a komodo dragon (unable to see
you).

Vanquished Creatures
  An orc warlord (Bailey)
  Snorg (D:10)
  Harold (D:9)
  3 hydras
  Erolcha (D:10)
  A centaur warrior (D:11)
  4 two-headed ogres
  A boulder beetle (D:11)
  A tengu warrior (D:11)
  Amaemon (Lair:2)
  3 skeletal warriors (D:12)
  Lodul (D:10)
  An orc knight (Bailey)
  2 deep elf pyromancers
  3 ugly things
  3 cyclopes
  2 manticores
  14 elephants
  2 black mambas
  2 merfolk sirens (Lair:2)
  A torpor snail (Lair:2)
  An orange demon (Lair:2)
  An unseen horror (D:12)
  6 cane toads
  3 gargoyles
  3 rime drakes (Lair:2)
  Psyche (D:10)
  A komodo dragon (Lair:1)
  3 trolls
  A merfolk (Lair:2)
  2 polar bears (Lair:2)
  Prince Ribbit (D:5)
  6 slime creatures (D:12)
  A vampire (D:11)
  A centaur simulacrum (D:11)
  2 wyverns
  3 wraiths
  35 yaks
  A basilisk (Lair:4)
  2 redbacks (Lair:2)
  6 vampire mosquitoes
  2 steam dragons
  3 acid dragons
  8 water moccasins
  21 orc warriors
  A swamp drake (D:12)
  2 black bears
  9 ogres
  10 wolves (Lair:1)
  5 centaurs
  3 phantoms
  4 kobold brigands
  16 bullfrogs
  5 scorpions
  A gnoll sergeant (D:10)
  16 wights
  13 killer bees
  2 howler monkeys (D:10)
  4 electric eels
  A gnoll bouda (D:7)
  A jelly (D:6)
  7 orc priests
  2 sleepcaps
  Jessica (D:2)
  An iguana (D:5)
  10 orc wizards
  Natasha (thrice) (D:2)
  10 hell rats
  16 gnolls
  A river rat (D:4)
  12 adders
  A white imp (D:4)
  5 worms
  9 dart slugs
  42 orcs
  7 bats
  5 endoplasms
  4 giant cockroaches
  17 goblins
  16 hobgoblins
  2 jackals (D:2)
  23 kobolds
  4 quokkas
  5 ball pythons
  3 frilled lizards
  8 rats
470 creatures vanquished.

Vanquished Creatures (collateral kills)
  An orc warrior (D:7)
1 creature vanquished.

Vanquished Creatures (others)
  An unseen horror (D:7)
1 creature vanquished.

Grand Total: 472 creatures vanquished

Notes
Turn   | Place    | Note
-------+----------+-------------------------------------------
     0 | D:1      | rocky1 the Demigod Earth Elementalist began the quest for
                  | the Orb.
     0 | D:1      | Reached XP level 1. HP: 14/14 MP: 5/5
    13 | D:1      | Found Onlezats's Jewellery Emporium.
   299 | D:1      | Found Zyuqykanwy's Book Shop.
   302 | D:1      | Reached skill level 3 in Earth Magic
   465 | D:1      | Found Obocek's Jewellery Boutique.
   483 | D:1      | Reached XP level 2. HP: 20/20 MP: 2/7
   554 | D:1      | Found Saufiugh's Armour Emporium.
   677 | D:2      | Noticed Jessica
   686 | D:2      | Killed Jessica
   687 | D:2      | Reached XP level 3. HP: 26/26 MP: 4/8
   849 | D:2      | Noticed Natasha
   851 | D:2      | Killed Natasha
   852 | D:2      | Reached skill level 4 in Earth Magic
  1015 | D:2      | Reached XP level 4. HP: 33/33 MP: 8/10
  1119 | D:2      | Noticed Natasha
  1129 | D:2      | Killed Natasha
  1159 | D:2      | Noticed Natasha
  1179 | D:2      | Killed Natasha
  1504 | D:3      | Reached XP level 5. HP: 38/38 MP: 10/12
  1508 | D:3      | Learned a level 3 spell: Stone Arrow
  1524 | D:3      | You fall into a shaft and drop 2 floors!
  1524 | D:5      | Entered Level 5 of the Dungeon
  1524 | D:5      | Found Goteusie's Distillery.
  1531 | D:5      | Bought a potion of curing for 39 gold pieces
  1531 | D:5      | Bought a potion of heal wounds for 65 gold pieces
  1542 | D:4      | Reached skill level 5 in Earth Magic
  1542 | D:4      | Noticed an ogre
  1554 | D:4      | Killed an ogre
  1584 | D:4      | Reached skill level 6 in Earth Magic
  1584 | D:4      | Reached XP level 6. HP: 39/45 MP: 5/13
  1589 | D:4      | Found a staircase to the Ecumenical Temple.
  1903 | D:4      | Reached skill level 7 in Earth Magic
  1956 | D:4      | Reached XP level 7. HP: 44/50 MP: 10/14
  2773 | D:3      | Learned a level 3 spell: Frozen Ramparts
  3752 | D:1      | Bought a +1 cloak of poison resistance for 189 gold pieces
  4156 | D:5      | Noticed Prince Ribbit
  4164 | D:5      | Killed Prince Ribbit
  4165 | D:5      | Reached skill level 1 in Conjurations
  4165 | D:5      | Reached skill level 1 in Fire Magic
  4165 | D:5      | Reached skill level 1 in Ice Magic
  4591 | D:6      | Reached skill level 8 in Earth Magic
  4642 | D:6      | Found the +7 Throatcutter {drain, coup de grace}
  4792 | D:6      | Reached XP level 8. HP: 57/57 MP: 14/16
  6700 | D:7      | Reached XP level 9. HP: 62/62 MP: 12/19
  6745 | D:7      | Found a runed translucent gate.
  6745 | D:7      | Found a runed translucent gate.
  6745 | D:7      | Found a runed translucent gate.
  6746 | D:7      | Noticed AwFulAwFulPlayer's ghost (novice TrMo)
  7534 | D:7      | Noticed a manticore
  7540 | D:7      | Killed an unseen horror
  7541 | D:7      | Killed a manticore
  7541 | D:7      | Noticed a cyclops
  7567 | D:7      | Reached skill level 9 in Earth Magic
  7667 | D:7      | Killed a cyclops
  7668 | D:7      | Reached skill level 5 in Spellcasting
  7795 | D:7      | Noticed a two-headed ogre
  7800 | D:7      | Killed a two-headed ogre
  8126 | D:8      | Found Welolar's Armour Boutique.
  8159 | D:8      | Found Axza's Antique Weapon Shop.
  8211 | D:8      | Found Uwkael's Weapon Boutique.
  8214 | D:8      | Found Jehorat's Jewellery Shop.
  8416 | D:8      | Reached XP level 10. HP: 67/69 MP: 17/21
  8420 | D:8      | Reached skill level 5 in Ice Magic
  8423 | D:8      | Reached skill level 5 in Fire Magic
  8427 | D:8      | Reached skill level 5 in Conjurations
  8731 | D:8      | Found Gionaurph's Distillery.
  8738 | D:8      | Bought a potion of invisibility for 120 gold pieces
  9055 | D:8      | Found a staircase to the Lair.
 10612 | D:9      | Noticed Harold
 10622 | D:9      | Killed Harold
 10811 | D:9      | Noticed a moth of wrath
 11151 | D:9      | Reached skill level 10 in Earth Magic
 11972 | D:10     | Entered Level 10 of the Dungeon
 11999 | D:10     | Noticed Psyche
 12005 | D:10     | Killed Psyche
 12027 | D:10     | Found a flagged portal.
 12075 | Bailey   | Entered a bailey
 12173 | Bailey   | Reached XP level 11. HP: 71/74 MP: 6/24
 12899 | Bailey   | Noticed an orc knight
 12911 | Bailey   | Killed an orc knight
 13503 | Bailey   | Noticed an orc warlord
 13696 | Bailey   | Killed an orc warlord
 14517 | D:10     | Acquired a book of Power
 14526 | D:10     | Learned a level 6 spell: Leda's Unmaking
 14566 | D:10     | Noticed Snorg
 14572 | D:10     | Killed Snorg
 14862 | D:10     | Noticed a two-headed ogre
 14863 | D:10     | Noticed Lodul
 14865 | D:10     | Killed a two-headed ogre
 15380 | D:10     | Noticed Erolcha
 15387 | D:10     | Killed Erolcha
 15745 | D:10     | Killed Lodul
 16227 | D:10     | Got Vehumet's Catalogue of the Fifth Circle and Evil
                  | Liturgies
 17112 | D:11     | Noticed a two-headed ogre
 17118 | D:11     | Killed a two-headed ogre
 18027 | D:11     | Reached XP level 12. HP: 48/81 MP: 15/28
 18553 | D:11     | Noticed a boulder beetle
 18560 | D:11     | Killed a boulder beetle
 18723 | D:11     | Noticed a five-headed hydra
 18723 | D:11     | Noticed a six-headed hydra
 18723 | D:11     | Noticed a centaur warrior
 18741 | D:11     | Killed a five-headed hydra
 18873 | D:11     | Reached skill level 11 in Earth Magic
 19113 | D:11     | Killed a six-headed hydra
 19387 | D:11     | Identified the amulet of Dinesche {rElec Regen+ Str-3
                  | Dex+3}
 19452 | D:12     | Found Haonyuf's Armour Shoppe.
 19456 | D:12     | Bought a +2 pair of boots of flying for 279 gold pieces
 21213 | D:12     | Acquired the Verses on the Salvo
 21252 | D:12     | Found a staircase to the Orcish Mines.
 22421 | Orc:1    | Entered Level 1 of the Orcish Mines
 22421 | Orc:1    | Noticed Jorgrun
 22471 | D:11     | Killed a centaur warrior
 22630 | Lair:1   | Entered Level 1 of the Lair of Beasts
 22882 | Lair:1   | Reached XP level 13. HP: 86/86 MP: 30/30
 24007 | Lair:2   | Found a hole to the Spider Nest.
 24317 | Lair:2   | Noticed Amaemon
 24326 | Lair:2   | Killed Amaemon
 24752 | Lair:2   | Found a staircase to the Shoals.
 25647 | Lair:3   | Reached skill level 12 in Earth Magic
 26219 | Lair:3   | Reached skill level 10 in Conjurations
 26219 | Lair:3   | Reached skill level 10 in Fire Magic
 26987 | Lair:4   | Mangled by a komodo dragon

Illustrated notes

Levels and vault maps discovered:
D:1:      erik_arrival_blinker_ship, layout_loops_ring, serial_shops, shop,
          shop, shop, nicolae_shop_rolling_square
D:2:      layout_rooms, ebering_ecumenical_altar_hall, basic_altar,
          uniq_natasha, uniq_jessica
D:3:      layout_loops_ring, mainiacjoe_overflow_cross_hatched
D:4:      layout_basic, fedhas_altar_2, minmay_temple_entry_ruins,
          cheibrodos_sewer_entry_sluice, grunt_ministairs_14,
          kennysheep_cross_room
D:5:      layout_loops_ring, mainiacjoe_overflow_catwalk_spiral, serial_shops,
          shop_fountains, uniq_prince_ribbit1
D:6:      kennysheep_slugbush, layout_basic, kennysheep_little_box,
          kennysheep_mini_moat
D:7:      minmay_blocky_corners, layout_basic,
          nicolae_ru_great_annihilating_truth, amcnicky_altar_gilded,
          ebering_ghost_rock_garden
D:8:      layout_basic, mainiacjoe_overflow_small_starburst,
          grunt_lair_entry_orc_guard_hut, serial_glass, glass_columns_b,
          glass_columns_b, serial_shops, shop, nicolae_take_the_stairs,
          nicolae_shop_hallway_stairs, shop, nicolae_shop_bloodbath_and_beyond
D:9:      layout_long_grid, tgw_trog, hangedman_corner_corridor, uniq_harold
D:10:     layout_basic, mainiacjoe_overflow_boulevard, enter_bailey_6,
          uniq_lodul, uniq_snorg, uniq_erolcha, uniq_psyche
D:11:     minmay_the_grid_triangle_9x9_rhombus_thin
          [minmay_the_grid_triangle_9x9_skeleton,
          minmay_the_grid_triangle_9x9_prize_top_heavy,
          minmay_the_grid_triangle_9x9_pentomino_pain,
          minmay_the_grid_triangle_9x9_odd_lines], layout_rooms, st_stairs_3
D:12:     layout_long_grid, erik_orc_1, serial_shops,
          nicolae_shop_hallway_stairs
Lair:1:   layout_chaotic_city, serial_bayou_shore_a
Lair:2:   layout_loops_ring, elwin_shoals_entry_rooms, spider_nest_entry_webs,
          basic_altar, uniq_amaemon
Lair:3:   layout_chaotic_city, grunt_megastairs_2
Lair:4:   layout_hall_layers, infiniplex_staircase_pool_2, serial_bayou_shore_b
Orc:1:    layout_caves, serial_shops, shop, uniq_jorgrun, uniq_urug

Skill      XL: |  1  2  3  4  5  6  7  8  9 10 11 12 13 |
---------------+----------------------------------------+-----
Earth Magic    | 3 4 6 7 8 9 10 11 12 | 12.3
Spellcasting   | 2 3 4 5 6 7 9 |  9.7
Conjurations   | 1 3 4 6 7 9 10 | 10.1
Fire Magic     | 1 3 4 6 7 9 10 | 10.1
Ice Magic      | 1 3 4 6 7 8 |  8.7
Dodging        | |  1.7
Stealth        | |  1.7
Transmutations | |  0.8

Action                     |  1- 3 |  4- 6 |  7- 9 | 10-12 | 13-15 || total
---------------------------+-------+-------+-------+-------+-------++-------
  Melee: Staff             |       |       |     1 |       |       ||     1
         Long sword        |       |       |    13 |   129 |    98 ||   240
         Punch             |       |       |     1 |     1 |     2 ||     4
   Cast: Sandblast         |    36 |    61 |    94 |    74 |     4 ||   269
         Frozen Ramparts   |       |       |     1 |    29 |    16 ||    46
         Stone Arrow       |       |       |    67 |   274 |    82 ||   423
         Leda's Unmaking   |       |       |       |     9 |     2 ||    11
  Evoke: Wand              |       |       |       |     1 |     2 ||     3
    Use: Potion            |       |     1 |       |     9 |     7 ||    17
         Scroll            |       |       |     9 |    13 |     3 ||    25
   Stab: Distracted        |       |       |       |     1 |       ||     1
         Sleeping          |       |       |       |       |     1 ||     1
 Armour: Robe              |     5 |    10 |    46 |   131 |   107 ||   299
  Dodge: Dodged            |     7 |    40 |    87 |   197 |   123 ||   454

Table legend: (Time is in decaauts)
 A = Elapsed time spent in this place.
 B = Non-inter-level travel time spent in this place.
 C = Inter-level travel time spent in this place.
 D = Time resting spent in this place.
 E = Time spent auto-exploring this place.
 F = Levels seen in this place.
 G = Mean time per level.
                   A        B        C        D        E       F      G
               +--------+--------+--------+--------+--------+-----+--------+
         Total |  27206 |  26216 |    990 |  12618 |   9463 |  18 | 1511.4 |
       Dungeon |  20758 |  19861 |    897 |   9279 |   7431 |  12 | 1729.8 |
          Lair |   4409 |   4316 |     93 |   1747 |   1987 |   4 | 1102.2 |
  Orcish Mines |      1 |      1 |      0 |      0 |      0 |   1 |    1.0 |
        Bailey |   2036 |   2036 |      0 |   1591 |     45 |   1 | 2036.0 |
               +--------+--------+--------+--------+--------+-----+--------+

Top non-repeatable levels by time:
    D:11: 3446 daAuts
    D:12: 2635 daAuts
    D:10: 2472 daAuts
     D:9: 2334 daAuts
     D:6: 2120 daAuts
  Bailey: 2036 daAuts
  Lair:2: 1944 daAuts
     D:8: 1626 daAuts
     D:7: 1524 daAuts
  Lair:3: 1433 daAuts
     D:4: 1263 daAuts
     D:5: 998 daAuts
  Lair:1: 944 daAuts
     D:2: 820 daAuts
     D:3: 791 daAuts
